 Dungeon Crawl Stone Soup version 0.32-a0-306-gfed3edf829 (webtiles) character file.

Game seed: 9366272882070495043

177377 CougarLife the Earth Mage (level 18, -27/115 HPs)
             Began as a Gargoyle Earth Elementalist on Feb 14, 2024.
             Was the Champion of Vehumet.
             Annihilated by an alligator snapping turtle (35 damage)
             ... on level 4 of the Shoals on Feb 15, 2024.
             The game lasted 01:41:01 (34851 turns).

CougarLife the Earth Mage (GrEE)                   Turns: 34851, Time: 01:41:01

Health: -27/115    AC: 25    Str: 11    XL:     18   Next: 16%
Magic:  22/36      EV: 20    Int: 25    God:    Vehumet [******]
Gold:   983        SH:  0    Dex: 19    Spells: 12/46 levels left

rFire   + + .        Y - +7 rapier of Ome Wyhi {freeze, Will++ Str-3 Int+3 Dex+3}
rCold   . . .        (no shield)
rNeg    + . .        N - +0 troll leather armour
rPois   ∞            w - +0 helmet
rElec   +            I - +2 cloak {rF+}
rCorr   .            p - +0 pair of gloves
SInv    .            J - +1 pair of boots {rF+}
Will    +++..        x - amulet of magic regeneration
Stlth   ++           h - +5 ring of evasion
HPRegen 1.19/turn    s - +6 ring of dexterity
MPRegen 0.65/turn

%: no passive effects
@: flying
A: sickness immunity, AC +13, big wings, negative energy resistance 1,
electricity resistance, torment resistance 1, petrification resistance
a: Renounce Religion


You were on level 4 of the Shoals.
You worshipped Vehumet.
Vehumet was exalted by your worship.
You visited 5 branches of the dungeon, and saw 27 of its levels.
You also visited: Bailey, Gauntlet and Ice Cave.

You collected 3563 gold pieces.
You spent 2580 gold pieces at shops.

Inventory:

Hand Weapons
 Y - the +7 rapier of Ome Wyhi (weapon) {freeze, Will++ Str-3 Int+3 Dex+3}
   (You found it in a Gauntlet)

   Str-3:     It affects your strength (-3).
   Int+3:     It affects your intelligence (+3).
   Dex+3:     It affects your dexterity (+3).
   Will++:    It greatly increases your willpower.
Missiles
 a - 2 throwing nets
 E - 8 curare-tipped darts
Armour
 p - a +0 pair of gloves (worn)
 w - a +0 helmet (worn)
 I - a +2 cloak of fire resistance (worn)
 J - a +1 pair of boots of fire resistance (worn)
 N - a +0 troll leather armour (worn)
 P - a scarf of resistance
Jewellery
 h - a +5 ring of evasion (left hand)
 r - a +6 ring of intelligence
 s - a +6 ring of dexterity (right hand)
 v - a ring of protection from cold
 x - an amulet of magic regeneration (around neck)
 R - a ring of ice
Wands
 f - a wand of flame (24)
 A - a wand of paralysis (34)
 F - a wand of iceblast (5)
 Q - a wand of digging (11)
 T - a wand of light (21)
 W - a wand of polymorph (1)
Scrolls
 c - 4 scrolls of fog
 d - 9 scrolls of teleportation
 e - 2 scrolls of revelation
 l - 3 scrolls of enchant armour
 m - 3 scrolls of amnesia
 n - 4 scrolls of noise
 o - 9 scrolls of fear
 t - 4 scrolls of poison
 y - 6 scrolls of immolation
 z - 6 scrolls of vulnerability
 G - 3 scrolls of silence
 O - a scroll of torment
 U - 4 scrolls of blinking
Potions
 b - 2 potions of magic
 g - 2 potions of berserk rage
 j - 6 potions of enlightenment
 k - 4 potions of cancellation
 q - 4 potions of invisibility
 u - 10 potions of curing
 D - 3 potions of mutation
 H - 3 potions of might
 K - 3 potions of brilliance
 L - 6 potions of attraction
 M - 2 potions of lignification
 S - 3 potions of heal wounds
 V - 5 potions of resistance
 X - 5 potions of haste


   Skills:
 + Level 13.5 Fighting
 - Level 7.0 Armour
 - Level 6.1 Dodging
 - Level 2.1 Stealth
 + Level 14.9 Spellcasting
 + Level 17.2 Conjurations
 - Level 5.0 Summonings
 + Level 4.4 Fire Magic
 - Level 4.6 Ice Magic
 + Level 19.0 Earth Magic


You had 12 spell levels left.
You knew the following spells:

 Your Spells              Type           Power      Damage    Failure   Level
a - Spellforged Servitor  Conj/Summ      32%        N/A       9%          7
b - Stone Arrow           Conj/Erth      100%       3d13      0%          3
c - Lee's Rapid Deconstr  Erth           42%        3d21*     1%          5
d - Freezing Cloud        Conj/Ice/Air   26%        6-21      1%          5
e - Lehudib's Crystal Sp  Conj/Erth      41%        10d10     4%          8
f - Starburst             Conj/Fire      32%        6d10      1%          6

Your spell library contained the following spells:

 Spells                   Type           Power      Damage    Failure   Level
 Ozocubu's Refrigeration  Ice            20%        4d12      71%         7
 Sandblast                Erth           100%       2d20      0%          1
 Passwall                 Erth           85%        N/A       0%          3
 Brom's Barrelling Bould  Conj/Erth      83%        2d9       0%          4
 Mercury Vapours          Alch/Air       36%        N/A       1%          2
 Scorch                   Fire           82%        2d8       1%          2
 Dazzling Flash           Conj/Hex       100%       N/A       1%          3
 Frozen Ramparts          Ice            82%        1d13      1%          3
 Mephitic Cloud           Conj/Alch/Air  47%        N/A       1%          3
 Volatile Blastmotes      Fire/Tloc      58%        2d14      1%          3
 Animate Armour           Summ/Erth      100%       N/A       1%          4
 Flame Wave               Conj/Fire      65%        2d15      1%          4
 Fulminant Prism          Conj/Alch      29%        3d14      1%          4
 Iskenderun's Mystic Bla  Conj/Tloc      58%        2d12      1%          4
 Leda's Liquefaction      Alch/Erth      30%        N/A       1%          4
 Petrify                  Alch/Erth      60%        N/A       1%          4
 Borgnjor's Vile Clutch   Necr/Erth      30%        N/A       1%          5
 Bombard                  Conj/Erth      41%        9d7       1%          6
 Ensorcelled Hibernation  Hex/Ice        60%        N/A       2%          2
 Swiftness                Air            18%        N/A       12%         3
 Animate Dead             Necr           18%        N/A       36%         4
 Summon Cactus Giant      Summ           22%        N/A       58%         6
 Death Channel            Necr           9%         N/A       99%         6
 Maxwell's Capacitive Co  Air            9%         ∞         100%        8


Dungeon Overview and Level Annotations

Branches:
Dungeon (15/15)            Temple (1/1) D:5            Lair (5/5) D:9
 Shoals (4/4) Lair:3       Spider (0/4) Lair:3        Slime (0/5) Lair:4
    Orc (2/2) D:11            Elf (0/3) Orc:2        Vaults (0/5) D:13
 Depths (0/4) D:15         Bailey (visited)           IceCv (visited)
Gauntlet (visited)

Altars:
Ashenzari
Cheibriados
Dithmenos
Elyvilon
Fedhas
Gozag
Hepliaklqana
Kikubaaqudgha
Makhleb
Nemelex Xobeh
Okawaru
Qazlal
Ru
Sif Muna
Trog
Uskayaw
Vehumet
Wu Jian
Xom
Yredelemnul
Zin
The Shining One
Jiyva
Lugonu

Shops:
D:4 ?   D:5 *   D:12 [   Orc:1 !   Orc:2 !=!!

Portals:
Abyss: Lair:5


Innate Abilities, Weirdness & Mutations

You are immune to sickness and miasma.
Your stone body is resilient. (AC +13)
You are immune to poison.
Your large and strong wings let you fly.
You resist negative energy. (rN+)
You are resistant to electric shocks. (rElec)
You are resistant to unholy torment.
You are immune to petrification.


Message History

Aiming: Freezing Cloud (dangerous; 1% risk of failure)
Press: ? - help, Dir - move target, f/p - alligator snapping turtle
Aim: an alligator snapping turtle (heavily wounded, slow)
You are engulfed in freezing vapours.
The satyr shoots an arrow.
The arrow hits you.
Casting: Freezing Cloud (dangerous; 1% risk of failure)
Confirm with . or Enter, or press ? or * to list all spells.
Aiming: Lehudib's Crystal Spear (dangerous; 4% risk of failure)
Press: ? - help, Shift-Dir - straight line, f/p - alligator snapping turtle
Aim: an alligator snapping turtle (freezing vapour, heavily wounded, slow, 100% to hit)
The crystal spear hits the alligator snapping turtle!!!
The alligator snapping turtle is almost dead.
You are engulfed in freezing vapours.
* * * LOW HITPOINT WARNING * * *
The satyr shoots an arrow.
The arrow barely misses you.
The alligator snapping turtle is engulfed in freezing vapours.
The alligator snapping turtle seems to slow down.
The alligator snapping turtle bites you from afar!!
* * * LOW HITPOINT WARNING * * *
You feel much better.
You are engulfed in freezing vapours.
* * * LOW HITPOINT WARNING * * *
The satyr shoots an arrow.
The arrow hits you but does no damage.
You feel much better.
You are engulfed in freezing vapours.
* * * LOW HITPOINT WARNING * * *
The satyr shoots an arrow.
The arrow hits you!
* * * LOW HITPOINT WARNING * * *
The alligator snapping turtle is engulfed in freezing vapours.
The alligator snapping turtle bites you from afar.
* * * LOW HITPOINT WARNING * * *
You feel much better.
You are engulfed in freezing vapours.
* * * LOW HITPOINT WARNING * * *
The satyr shoots an arrow.
The arrow hits you!
* * * LOW HITPOINT WARNING * * *
You feel much better.
You are engulfed in freezing vapours.
* * * LOW HITPOINT WARNING * * *
The satyr shoots an arrow.
The arrow completely misses you.
The alligator snapping turtle is engulfed in freezing vapours.
The alligator snapping turtle seems to slow down.
The alligator snapping turtle bites you from afar!!
You die...

~≈≈≈≈≈≈≈≈≈≈≈≈≈
~~~~~~~~~~~~≈≈≈≈≈≈
§##~~~~~~~~~~~~≈≈≈≈≈≈
,§§#§○~~~~~~~~~~≈≈≈≈≈≈
,§°§§○§~.....~~~~~≈≈≈≈
,#..☼°.....~~~.~~≈≈~
##.§t§.....~~..~~~~~
##.§§§§@........~..~~
.c............~....~~
...........##.~...~~~
...........##........
...........~....##........
......~~..~~...##.........
#......~~~~~~~...~~~....#.
#....~~~~~~~..~~......##
#~..~~~~~.....~.........


You could see an alligator snapping turtle (slow) and a satyr.

Vanquished Creatures
  Mara (Shoals:4)
  Polyphemus (Shoals:3)
  Frances (Shoals:2)
  Aizul (Shoals:3)
  Ilsuiw (Shoals:2)
  A reaper (IceCv)
  An orc warlord (D:11)
  A minotaur (Gauntlet)
  Josephine (D:11)
  4 merfolk javelineers
  A yaktaur captain (D:12)
  5 merfolk impalers
  A rakshasa (D:13)
  3 catoblepae
  4 merfolk avatars
  2 ogre magi
  4 hydras
  8 centaur warriors
  Erica (D:8)
  3 alligator snapping turtles
  2 boulder beetles
  4 satyrs
  3 tengu warriors
  7 two-headed ogres
  5 merfolk aquamancers
  13 death yaks
  2 thrashing horrors (Lair:5)
  A hell knight (D:15)
  3 skeletal warriors (D:14)
  Amaemon (D:10)
  5 skysharks
  13 sea snakes
  A phantasmal warrior (D:12)
  4 orc knights
  A lindwurm (shapeshifter) (Lair:5)
  8 harpies
  5 orc sorcerers
  A deep elf zephyrmancer (D:12)
  A necromancer (D:15)
  A deep elf pyromancer (D:15)
  14 ugly things
  6 cyclopes
  16 fauns
  A cyclops (shapeshifter) (Lair:5)
  12 manticores
  An apocalypse crab (Gauntlet)
  13 merfolk sirens
  Maurice (D:7)
  A meliai (shapeshifter) (Lair:5)
  9 elephants
  4 meliai
  A moth of wrath (Gauntlet)
  3 kobold blastminers (Orc:2)
  2 ice statues (IceCv)
  9 black mambas
  2 smoke demons (Lair:5)
  Maggie (Lair:1)
  A gargoyle (D:12)
  14 cane toads
  10 water nymphs
  3 large abominations (Lair:5)
  An orange demon (D:10)
  14 komodo dragons
  An unseen horror (D:10)
  2 rime drakes
  4 freezing wraiths
  3 anaconda simulacra (IceCv)
  4 ice devils (IceCv)
  Psyche (D:8)
  2 tengu conjurers (D:14)
  26 merfolk
  A hornet (D:9)
  A queen bee (shapeshifter) (D:13)
  5 trolls
  A raiju (Lair:5)
  Prince Ribbit (D:5)
  A raiju (shapeshifter) (D:11)
  A snapping turtle (shapeshifter) (D:15)
  7 snapping turtles
  5 wind drakes
  19 dream sheep
  37 blink frogs
  13 slime creatures
  A ynoxinul (Lair:5)
  2 spriggans (Lair:5)
  2 water elementals (Shoals:1)
  3 shadows (Gauntlet)
  4 wyverns
  A culicivora (Lair:3)
  3 dire elephant simulacra (IceCv)
  61 yaks
  5 wraiths
  A basilisk (shapeshifter) (D:15)
  13 vampire mosquitoes
  9 basilisks
  4 wargs
  A chaos spawn (Lair:5)
  2 harpy simulacra (IceCv)
  3 acid dragons
  16 water moccasins
  2 hydra simulacra (IceCv)
  A black bear (shapeshifter) (D:12)
  47 orc warriors
  2 laughing skulls (D:13)
  An ice beast (D:7)
  4 black bears
  A sky beast (D:8)
  10 ogres
  15 wolves
  20 centaurs
  4 phantoms
  2 kobold brigands
  9 bullfrogs
  9 small abominations (Lair:5)
  5 scorpions
  A two-headed ogre simulacrum (IceCv)
  11 wights
  9 killer bees
  8 howler monkeys
  12 electric eels
  4 jellies
  2 hounds
  16 orc priests
  8 iguanas
  19 orc wizards
  2 sleepcaps
  A gnoll (Bailey)
  9 adders
  2 river rats (D:3)
  2 shadow imps
  A white imp (D:7)
  3 ufetubi
  5 ribbon worms
  A dart slug (D:3)
  72 orcs
  8 ball pythons
  3 endoplasms
  3 giant cockroaches
  12 goblins
  4 hobgoblins
  2 jackals (D:3)
  2 quokkas
  A bat (D:3)
  2 frilled lizards
  17 kobolds
  8 rats
913 creatures vanquished.

Notes
Turn   | Place    | Note
-------+----------+-------------------------------------------
     0 | D:1      | CougarLife the Gargoyle Earth Elementalist began the quest
                  | for the Orb.
     0 | D:1      | Reached XP level 1. HP: 10/10 MP: 3/3
   213 | D:1      | Found a faded altar of an unknown god.
   453 | D:1      | Reached XP level 2. HP: 15/15 MP: 3/5
   990 | D:2      | Reached skill level 4 in Earth Magic
  1043 | D:2      | Reached XP level 3. HP: 9/19 MP: 2/6
  1191 | D:2      | Learned a level 3 spell: Stone Arrow
  1913 | D:3      | Reached XP level 4. HP: 24/24 MP: 5/8
  2039 | D:3      | Found a shimmering blue altar of Sif Muna.
  2206 | D:3      | Identified the +3 war axe of the Silent Majority {drain,
                  | *Corrode rPois SInv Stlth+}
  2262 | D:3      | Noticed a scorpion
  2269 | D:3      | Killed a scorpion
  2270 | D:3      | Reached skill level 5 in Earth Magic
  2270 | D:3      | Reached XP level 5. HP: 28/28 MP: 4/10
  2470 | D:3      | Found a glowing drain.
  3043 | D:4      | Reached XP level 6. HP: 21/32 MP: 1/11
  3203 | D:4      | Noticed a black bear
  3230 | D:4      | Killed a black bear
  3362 | D:4      | Identified the +1 leather armour of Mezcal {+Blink Str-5
                  | Int+3}
  3366 | D:4      | Reached XP level 7. HP: 36/36 MP: 9/13
  3407 | D:4      | Reached skill level 6 in Earth Magic
  3504 | D:4      | Found Imepla's Magic Scroll Emporium.
  3551 | D:4      | Bought a scroll of identify for 26 gold pieces
  3551 | D:4      | Bought a scroll of teleportation for 39 gold pieces
  3709 | D:4      | Found an ornate altar of the Wu Jian Council.
  3716 | D:4      | Noticed a spectral centipede
  3716 | D:4      | Noticed a spectral black mamba
  3716 | D:4      | Noticed a spectral cane toad
  3731 | D:5      | Entered Level 5 of the Dungeon
  3775 | D:5      | Noticed Prince Ribbit
  3790 | D:5      | Killed Prince Ribbit
  3960 | D:5      | Reached XP level 8. HP: 41/41 MP: 9/14
  4066 | D:5      | Reached skill level 5 in Conjurations
  4213 | D:5      | Found a staircase to the Ecumenical Temple.
  4305 | Temple   | Entered the Ecumenical Temple
  4310 | Temple   | Became a worshipper of Vehumet
  4389 | D:5      | Reached skill level 7 in Earth Magic
  4793 | D:5      | Found a shadowy altar of Dithmenos.
  4793 | D:5      | Found a sacrificial altar of Ru.
  4909 | D:5      | Reached skill level 5 in Spellcasting
  4921 | D:5      | Found Tyd Welatir's Fire Supplies.
  5261 | D:6      | Reached skill level 5 in Dodging
  5262 | D:6      | Reached XP level 9. HP: 45/45 MP: 13/17
  5619 | D:7      | Found a flagged portal.
  5630 | Bailey   | Entered a bailey
  5637 | Bailey   | Noticed an orc knight
  5780 | Bailey   | Reached skill level 8 in Earth Magic
  5787 | Bailey   | Killed an orc knight
  5787 | Bailey   | Reached * piety under Vehumet
  5787 | Bailey   | Offered knowledge of Magic Dart by Vehumet.
  6402 | D:7      | Noticed Maurice
  6409 | D:7      | Killed Maurice
  6410 | D:7      | Reached skill level 9 in Earth Magic
  6410 | D:7      | Reached XP level 10. HP: 42/50 MP: 8/19
  6543 | D:7      | Noticed a two-headed ogre
  6548 | D:7      | Killed a two-headed ogre
  7299 | D:8      | Noticed Psyche
  7302 | D:8      | Killed Psyche
  7329 | D:8      | Noticed Erica
  7333 | D:8      | Reached skill level 10 in Earth Magic
  7339 | D:8      | Killed Erica
  7938 | D:8      | Offered knowledge of Searing Ray by Vehumet.
  7952 | D:8      | Reached ** piety under Vehumet
  8002 | D:8      | Found an ancient bone altar of Kikubaaqudgha.
  8177 | D:9      | Identified the +1 falchion of Friendship {elec, +Blink
                  | rCorr}
  8239 | D:9      | Reached XP level 11. HP: 38/54 MP: 23/23
  8307 | D:9      | Found a staircase to the Lair.
  8430 | D:5      | Bought a +2 cloak of fire resistance for 279 gold pieces
  8430 | D:5      | Bought a +1 pair of boots of fire resistance for 214 gold
                  | pieces
  8605 | D:9      | Reached skill level 11 in Earth Magic
  8889 | D:9      | Reached skill level 1 in Armour
  8984 | D:9      | Found a snail-covered altar of Cheibriados.
  9045 | D:10     | Entered Level 10 of the Dungeon
  9130 | D:10     | Offered knowledge of Volatile Blastmotes by Vehumet.
  9204 | D:10     | Noticed Amaemon
  9214 | D:10     | Killed Amaemon
  9443 | D:10     | Noticed a two-headed ogre
  9661 | D:10     | Killed a two-headed ogre
  9662 | D:10     | Reached skill level 10 in Conjurations
  9832 | D:10     | Found a basalt altar of Yredelemnul.
  9910 | D:10     | Reached *** piety under Vehumet
 10301 | D:10     | Reached skill level 5 in Armour
 10454 | D:11     | Noticed Josephine
 10720 | D:10     | Learned a level 5 spell: Lee's Rapid Deconstruction
 10761 | D:11     | Offered knowledge of Frozen Ramparts by Vehumet.
 10762 | D:11     | Reached skill level 12 in Earth Magic
 10923 | D:11     | Noticed a manticore
 10940 | D:11     | Reached XP level 12. HP: 46/59 MP: 25/25
 10983 | D:11     | Learned a level 3 spell: Frozen Ramparts
 11012 | D:11     | Learned a level 5 spell: Freezing Cloud
 11209 | D:11     | Reached skill level 1 in Ice Magic
 11214 | D:11     | Reached **** piety under Vehumet
 11280 | D:11     | Found a staircase to the Orcish Mines.
 11430 | D:11     | Killed Josephine
 11598 | Lair:1   | Entered Level 1 of the Lair of Beasts
 11840 | Lair:1   | Offered knowledge of Iskenderun's Battlesphere by Vehumet.
 12014 | Lair:1   | Reached skill level 10 in Spellcasting
 12018 | Lair:1   | Reached skill level 13 in Earth Magic
 12020 | Lair:1   | Reached skill level 1 in Fighting
 12157 | Lair:1   | You fall into a shaft and drop 1 floor!
 12210 | Lair:2   | Reached XP level 13. HP: 55/67 MP: 17/27
 12279 | Lair:2   | Found a frozen archway.
 12289 | IceCv    | Entered an ice cave
 12317 | IceCv    | Reached ***** piety under Vehumet
 12399 | IceCv    | Offered knowledge of Orb of Destruction by Vehumet.
 13027 | IceCv    | Noticed a reaper
 13033 | IceCv    | Killed a reaper
 13153 | Lair:2   | Identified the +6 halberd "Reti" {heavy, rPois}
 13691 | Lair:3   | Reached skill level 14 in Earth Magic
 13736 | Lair:3   | Reached skill level 5 in Fighting
 13997 | Lair:3   | Found a staircase to the Shoals.
 14030 | Lair:3   | Gained mutation: Your large and strong wings let you fly.
                  | [Gargoyle growth]
 14030 | Lair:3   | Reached XP level 14. HP: 51/80 MP: 19/29
 14441 | Lair:3   | Found a hole to the Spider Nest.
 14867 | Lair:1   | Noticed Maggie
 14871 | Lair:1   | Killed Maggie
 15672 | Lair:4   | Found a staircase to the Slime Pits.
 15804 | Lair:4   | Found a viscous altar of Jiyva.
 15853 | Lair:4   | Reached skill level 15 in Earth Magic
 15863 | Lair:4   | Found an ancient bone altar of Kikubaaqudgha.
 16522 | Lair:4   | Offered knowledge of Olgreb's Toxic Radiance by Vehumet.
 16816 | Lair:5   | Entered Level 5 of the Lair of Beasts
 17285 | Lair:5   | Identified the +0 mace "Hilat" {freeze, Str+5}
 17343 | Lair:5   | Identified the ring of Beemewk {rPois Dex+6}
 17654 | Lair:5   | Reached XP level 15. HP: 80/89 MP: 19/31
 17659 | Lair:5   | Reached ****** piety under Vehumet
 17897 | Lair:5   | Offered knowledge of Conjure Ball Lightning by Vehumet.
 17904 | Lair:5   | Reached skill level 16 in Earth Magic
 18251 | Lair:5   | Found a corrupted altar of Lugonu.
 18251 | Lair:5   | Found a one-way gate to the infinite horrors of the Abyss.
 19310 | D:12     | Found Uppeinez's Armour Shop.
 21064 | D:13     | Found a gate leading to a gauntlet.
 21071 | Gauntlet | Entered a Gauntlet
 21071 | Gauntlet | Found a transporter.
 21087 | Gauntlet | Found a transporter.
 21097 | Gauntlet | Found a transporter.
 21104 | Gauntlet | Found a transporter.
 21119 | Gauntlet | Found a transporter.
 21138 | Gauntlet | Found a transporter.
 21160 | Gauntlet | Found a transporter.
 21172 | Gauntlet | Found a transporter.
 21184 | Gauntlet | Found a transporter.
 21196 | Gauntlet | Found a transporter.
 21213 | Gauntlet | Found a transporter.
 21231 | Gauntlet | Found a transporter.
 21233 | Gauntlet | Found a transporter.
 21273 | Gauntlet | Found a transporter.
 21275 | Gauntlet | Found a transporter.
 21277 | Gauntlet | Found a transporter.
 21300 | Gauntlet | Reached skill level 10 in Fighting
 21350 | Gauntlet | Found a transporter.
 21553 | Gauntlet | Identified the +1 hat of Liug {Harm rC+ Will++ Str-5}
 21593 | Gauntlet | Identified the +1 mace of Fuorey {venom, *Noise Fly rF-
                  | rN+++}
 21637 | Gauntlet | Identified the +7 rapier of Ome Wyhi {freeze, Will++ Str-3
                  | Int+3 Dex+3}
 21637 | Gauntlet | Identified the +4 scale mail of the Morning Star {rCorr
                  | MP+9}
 21683 | D:13     | Learned a level 8 spell: Lehudib's Crystal Spear
 21964 | D:13     | Reached skill level 15 in Conjurations
 22379 | D:13     | Found a gate to the Vaults.
 23238 | D:14     | Identified a scroll of acquirement
 23245 | D:13     | Acquired a book of Spectacle
 23254 | D:13     | Learned a level 6 spell: Starburst
 23295 | D:14     | Reached skill level 17 in Earth Magic
 23349 | D:14     | Offered knowledge of Yara's Violent Unravelling by Vehumet.
 23350 | D:14     | Reached XP level 16. HP: 99/99 MP: 29/33
 23412 | D:14     | Found a hide-covered altar of Uskayaw.
 23933 | D:15     | Entered Level 15 of the Dungeon
 25007 | D:15     | Found a staircase to the Depths.
 25952 | D:15     | Upgraded the game from 0.32-a0-290-g598725c5f2 to
                  | 0.32-a0-306-gfed3edf829
 26115 | Orc:1    | Entered Level 1 of the Orcish Mines
 26811 | Orc:1    | Found Fur Kumoyjy's Distillery.
 26850 | Orc:1    | Bought a potion of lignification for 42 gold pieces
 26850 | Orc:1    | Bought a potion of heal wounds for 70 gold pieces
 26850 | Orc:1    | Bought a potion of haste for 140 gold pieces
 26850 | Orc:1    | Bought a potion of magic for 112 gold pieces
 27249 | Orc:2    | Entered Level 2 of the Orcish Mines
 27249 | Orc:2    | Found a staircase to the Elven Halls.
 27636 | Orc:2    | Offered knowledge of Eringya's Noxious Bog by Vehumet.
 28313 | Orc:2    | Found Dyaluigh's Jewellery Shoppe.
 28313 | Orc:2    | Found Doygoyrch's Distillery.
 28315 | Orc:2    | Found Ycumiem's Distillery.
 28317 | Orc:2    | Found Xidos's Distillery.
 28323 | Orc:2    | Bought a potion of heal wounds for 65 gold pieces
 28323 | Orc:2    | Bought a potion of resistance for 130 gold pieces
 28323 | Orc:2    | Bought a potion of resistance for 130 gold pieces
 28323 | Orc:2    | Bought a potion of heal wounds for 65 gold pieces
 28323 | Orc:2    | Bought a potion of haste for 130 gold pieces
 28323 | Orc:2    | Bought a potion of haste for 130 gold pieces
 28326 | Orc:2    | Bought a potion of mutation for 112 gold pieces
 28326 | Orc:2    | Bought 2 potions of heal wounds for 140 gold pieces
 28326 | Orc:2    | Bought a potion of heal wounds for 70 gold pieces
 28328 | Orc:2    | Bought a potion of haste for 140 gold pieces
 28328 | Orc:2    | Bought a potion of magic for 112 gold pieces
 28328 | Orc:2    | Bought a potion of haste for 140 gold pieces
 28328 | Orc:2    | Bought a potion of heal wounds for 70 gold pieces
 28328 | Orc:2    | Bought a potion of cancellation for 112 gold pieces
 28681 | Orc:2    | Bought a potion of brilliance for 56 gold pieces
 28681 | Orc:2    | Bought a potion of brilliance for 56 gold pieces
 29090 | Shoals:1 | Entered Level 1 of the Shoals
 29391 | Shoals:1 | Reached skill level 1 in Fire Magic
 29992 | Shoals:1 | Reached skill level 18 in Earth Magic
 31228 | Shoals:2 | Reached XP level 17. HP: 61/107 MP: 23/35
 31313 | Shoals:2 | Offered knowledge of Spellforged Servitor by Vehumet.
 31461 | Shoals:2 | Noticed Ilsuiw
 31486 | Shoals:2 | Killed Ilsuiw
 31579 | Shoals:2 | Noticed Frances
 31583 | Shoals:2 | Killed Frances
 32365 | Shoals:2 | Learned a level 7 spell: Spellforged Servitor
 32439 | Shoals:3 | Identified the +7 war axe "Posan" {heavy, rF- Str+2 Int+3
                  | Dex+3}
 32683 | Shoals:3 | Reached skill level 1 in Summonings
 32972 | Shoals:3 | Noticed Polyphemus
 32982 | Shoals:3 | Killed Polyphemus
 33282 | Shoals:3 | Identified the serpent talisman "Nas Rumu" {Str+2}
 33282 | Shoals:3 | Noticed Aizul
 33289 | Shoals:3 | Killed Aizul
 33516 | Shoals:4 | Entered Level 4 of the Shoals
 33684 | Shoals:4 | Noticed Mara
 33688 | Shoals:4 | Noticed CougarLife's illusion
 33698 | Shoals:4 | Noticed CougarLife's illusion
 34009 | Shoals:4 | Killed Mara
 34351 | Shoals:4 | Reached XP level 18. HP: 111/114 MP: 23/36
 34414 | Shoals:4 | Reached skill level 5 in Summonings
 34594 | Shoals:4 | Reached skill level 19 in Earth Magic
 34651 | Shoals:4 | Offered knowledge of Ozocubu's Refrigeration by Vehumet.
 34689 | Shoals:4 | Identified the +12 halberd "Divad" {venom, rPois MP+9}
 34851 | Shoals:4 | Annihilated by an alligator snapping turtle

Illustrated notes

Levels and vault maps discovered:
D:1:      minmay_arrival_plants_in_alcoves, layout_loops_corners,
          ebering_ecumenical_altar_petrified
D:2:      layout_loops_ring, serial_forest, infiniplex_forest_corner_2,
          infiniplex_forest_clump_C, infiniplex_forest_clump_diagonal,
          infiniplex_forest_corner_1, infiniplex_forest_lined_1,
          infiniplex_forest_clump_large, infiniplex_forest_straight_2
D:3:      layout_basic, nicolae_overflow_hidden_temple, portal_sewer_entry_a
D:4:      layout_rooms, pdpol_wu_jian_five_deadly_venoms, serial_shops,
          shop_statue
D:5:      layout_basic, nicolae_overflow_two_pavilions,
          minmay_temple_entry_statues, mrwooster_statue_mirror,
          nicolae_shop_fire_sale [nicolae_sub_dead_trees], bh_walls_and_bars,
          uniq_prince_ribbit1
D:6:      layout_gridville
D:7:      layout_loops_corners, enter_bailey_3, uniq_maurice
D:8:      layout_loops_cross, kennysheep_mini_moat, uniq_erica, uniq_psyche
D:9:      layout_basic, chei_slow_surprise, lair_entry_dummy
D:10:     layout_layer_cave, lemuel_doored_altar, uniq_amaemon
D:11:     layout_cave_pools, david_orc_4, kennysheep_nondescript, uniq_josephine
D:12:     kennysheep_four_of_diamonds, layout_stronghold, serial_shops,
          nicolae_stop_n_shop_1, chequers_serial_rivers_micro_c
D:13:     layout_roguey, hellmonk_vaults_attempted_burglary,
          gauntlet_entry_generic, serial_curves, eino_curves_04, eino_curves_02
D:14:     layout_small_grid, nicolae_uskayaw_murder_on_the_dancefloor
D:15:     hangedman_depths_entry_civil_slaughter, layout_layer_cave,
          minmay_fountain_box, minivault_10
Temple:   minmay_freezing_vapour_temple
Lair:1:   beast_lair_carwin_large_3, layout_concentric_octagons, uniq_maggie
Lair:2:   layout_cave_shapes, portal_ice_cave_entry_pillars_1,
          serial_bayou_shore_a
Lair:3:   layout_hall_layers, shoals_dummy_entry,
          hellmonk_spider_entry_life_and_decay, beast_lair_carwin_11
Lair:4:   layout_misc_corridors, minmay_slime_entry_pillars, basic_altar,
          serial_bayou_lagoon_b
Lair:5:   hellmonk_lair_end_abyssal_woods, layout_regular_city, serial_forest,
          infiniplex_forest_lined_3, infiniplex_forest_end_2,
          infiniplex_forest_lined_3, infiniplex_forest_lined_3_way,
          infiniplex_forest_clump_long, infiniplex_forest_straight_4,
          infiniplex_forest_end_2, infiniplex_forest_lined_2,
          infiniplex_forest_lined_1, grunt_forest_large_clearing_hut,
          serial_bayou_shore_b
Shoals:1: layout_shoals, nicolae_shoals_lost_giant_temple
Shoals:2: layout_shoals, uniq_ilsuiw, uniq_frances
Shoals:3: layout_shoals, nicolae_shoals_nymph_descending_staircase,
          uniq_polyphemus, uniq_aizul
Shoals:4: shoals_end_simple, layout_shoals, nicolae_shoals_this_corrosion,
          uniq_mara
Orc:1:    layout_caves, serial_shops, nicolae_shop_industrial_runoff
Orc:2:    st_orc_rangers, layout_caves

Skill      XL: |  1  2  3  4  5  6  7  8  9 10 11 12 13 14 15 16 17 18 |
---------------+-------------------------------------------------------+-----
Earth Magic    | 4 5 6 7 9 10 12 13 14 15 17 18 19 | 19.0
Conjurations   | 2 3 4 5 7 9 10 11 13 14 15 16 17 | 17.2
Spellcasting   | 3 4 5 6 8 9 10 11 12 13 14 | 14.9
Dodging        | 2 3 5 6 |  6.1
Armour         | 6 7 |  7.0
Ice Magic      | 4 |  4.6
Fighting       | 2 6 8 10 12 13 | 13.5
Fire Magic     | 2 4 |  4.4
Summonings     | 4 5 |  5.0
Stealth        | |  2.1

Action                     |  1- 3 |  4- 6 |  7- 9 | 10-12 | 13-15 | 16-18 || total
---------------------------+-------+-------+-------+-------+-------+-------++-------
  Melee: Dagger            |     5 |    33 |       |     3 |     3 |       ||    44
         Rapier            |       |       |       |       |       |     8 ||     8
   Cast: Sandblast         |    21 |    64 |   126 |   276 |   226 |    55 ||   768
         Stone Arrow       |       |       |    26 |    68 |   218 |   283 ||   595
         Freezing Cloud    |       |       |       |    23 |   169 |   250 ||   442
         Lee's Rapid Decon |       |       |       |       |    11 |     5 ||    16
         Lehudib's Crystal |       |       |       |       |     5 |    64 ||    69
  Evoke: Wand              |       |       |       |       |     1 |       ||     1
    Use: Scroll            |       |       |    10 |     5 |    14 |     5 ||    34
         Potion            |       |       |     1 |       |       |    14 ||    15
   Stab: Sleeping          |     1 |       |       |       |       |       ||     1
 Armour: Robe              |     8 |    48 |    36 |    97 |       |       ||   189
         Troll leather arm |       |       |       |    45 |   174 |   211 ||   430
  Dodge: Dodged            |     2 |    59 |    56 |   242 |   251 |   252 ||   862

Table legend: (Time is in decaauts)
 A = Elapsed time spent in this place.
 B = Non-inter-level travel time spent in this place.
 C = Inter-level travel time spent in this place.
 D = Time resting spent in this place.
 E = Time spent auto-exploring this place.
 F = Levels seen in this place.
 G = Mean time per level.
                   A        B        C        D        E       F      G
               +--------+--------+--------+--------+--------+-----+--------+
         Total |  35302 |  33327 |   1975 |  11342 |  13478 |  30 | 1176.7 |
       Dungeon |  18385 |  16944 |   1441 |   4494 |   8701 |  15 | 1225.7 |
        Temple |     10 |     10 |      0 |      0 |      0 |   1 |   10.0 |
          Lair |   6485 |   6135 |    350 |   2036 |   2599 |   5 | 1297.0 |
        Shoals |   5776 |   5703 |     73 |   2772 |   1459 |   4 | 1444.0 |
  Orcish Mines |   2515 |   2405 |    110 |   1078 |    567 |   2 | 1257.5 |
        Bailey |    709 |    709 |      0 |    347 |    150 |   1 |  709.0 |
      Ice Cave |    823 |    823 |      0 |    433 |      0 |   1 |  823.0 |
      Gauntlet |    596 |    596 |      0 |    181 |      0 |   1 |  596.0 |
               +--------+--------+--------+--------+--------+-----+--------+

Top non-repeatable levels by time:
    D:12: 2340 daAuts
    D:15: 2054 daAuts
Shoals:1: 1990 daAuts
  Lair:5: 1837 daAuts
    D:10: 1787 daAuts
  Lair:1: 1525 daAuts
Shoals:3: 1424 daAuts
     D:5: 1411 daAuts
   Orc:2: 1354 daAuts
Shoals:2: 1289 daAuts
  Lair:3: 1267 daAuts
    D:11: 1244 daAuts
     D:3: 1183 daAuts
   Orc:1: 1160 daAuts
  Lair:4: 1150 daAuts
